General information
- name: BNet
- type: Ladder team game (AT/RT)
- host: Battle.net
- saver: BEAR_AND
map: Slalom
- players: 8
- length: 30:07
- speed: Fast
- version: 1.21 W3XP
- replay type:

» download(293 KB)
Players
team 1 (loser)
Angry_Flames (
blue | 73 APM | 2193 actions | 30:05)
3 Shadow Hunter
2 Healing Wave
1 Hex
» actions
| Assign group hotkey | 27 | |
| Basic commands | 65 | |
| Build / train | 59 | |
| Enter build submenu | 24 | |
| Enter hero's abilities submenu | 3 | |
| Right click | 1114 | |
| Select / deselect | 365 | |
| Select group hotkey | 474 | |
| Use ability | 62 | |
2193 total
» units
| Peon | 13 | |
| Grunt | 4 | |
| Demolisher | 5 | |
| Tauren | 9 | |
| Shaman | 4 | |
| Raider | 2 | |
37 total
» upgrades
| Spiked Barricades | 2 | |
| Pillage | 1 | |
| Berserker Strength | 1 | |
| Melee Weapons | 1 | |
| Ensnare | 1 | |
| Shaman Training | 2 | |
| Burning Oil | 1 | |
| Pulverize | 1 | |
| Armor | 1 | |
| Witch Doctor Training | 1 | |
12 total
» buildings
| Altar of Storms | 1 | |
| Orc Burrow | 9 | |
| Barracks | 1 | |
| Voodoo Lounge | 1 | |
| Stronghold | 1 | |
| War Mill | 1 | |
| Spirit Lodge | 1 | |
| Beastiary | 1 | |
| Fortress | 1 | |
| Tauren Totem | 2 | |
| Great Hall | 1 | |
20 total
» build order
00:07 Altar of Storms
00:11 Orc Burrow
00:34 Barracks
01:52 Orc Burrow
02:17 Voodoo Lounge
04:21 Stronghold
04:28 War Mill
04:49 Orc Burrow
04:52 Orc Burrow
06:57 Spirit Lodge
07:20 Beastiary
07:36 Fortress
10:30 Tauren Totem
11:44 Tauren Totem
11:51 Orc Burrow
11:57 Orc Burrow
16:53 Orc Burrow
16:59 Orc Burrow
19:23 Orc Burrow
28:17 Great Hall
» items
| Scroll of Speed | 2 | |
| Healing Salve | 1 | |
| Lesser Clarity Potion | 1 | |
4 total
Augs (
purple | 110 APM | 3299 actions | 30:03)
4 Archmage
2 Summon Water Elemental
2 Brilliance Aura
3 Paladin
2 Holy Light
1 Divine Shield
3 Blood Mage
2 Flame Strike
1 Siphon Mana
» actions
| Assign group hotkey | 72 | |
| Basic commands | 166 | |
| Build / train | 99 | |
| Enter build submenu | 28 | |
| Enter hero's abilities submenu | 10 | |
| Remove unit from queue | 4 | |
| Right click | 1016 | |
| Select / deselect | 369 | |
| Select group hotkey | 1394 | |
| Use ability | 141 | |
3299 total
» units
| Peasant | 16 | |
| Footman | 8 | |
| Sorceress | 2 | |
| Priest | 8 | |
| Dragonhawk Rider | 4 | |
| Spell Breaker | 1 | |
| Gryphon Rider | 6 | |
| Mortar Team | 6 | |
| Rifleman | 1 | |
52 total
» upgrades
| Defend | 1 | |
| Masonry | 1 | |
| Magic Sentry | 1 | |
| Lumber Harvesting | 2 | |
| Animal War Training | 1 | |
| Cloud | 1 | |
| Control Magic | 1 | |
| Storm Hammers | 1 | |
| Priest Training | 2 | |
| Armor | 3 | |
| Fragmentation Shards | 1 | |
15 total
» buildings
| Altar of Kings | 1 | |
| Barracks | 1 | |
| Farm | 11 | |
| Scout Tower | 3 | |
| Arcane Tower | 2 | |
| Lumber Mill | 1 | |
| Keep | 1 | |
| Blacksmith | 1 | |
| Arcane Vault | 2 | |
| Guard Tower | 3 | |
| Arcane Sanctum | 1 | |
| Castle | 1 | |
| Town Hall | 1 | |
| Gryphon Aviary | 2 | |
| Workshop | 2 | |
33 total
» build order
00:04 Altar of Kings
00:23 Barracks
00:28 Farm
00:53 Farm
01:47 Scout Tower
02:23 Arcane Tower
02:26 Lumber Mill
02:32 Farm
03:38 Keep
04:05 Farm
04:23 Blacksmith
04:26 Scout Tower
04:29 Farm
04:50 Arcane Vault
06:36 Guard Tower
06:38 Arcane Sanctum
07:11 Castle
09:41 Town Hall
09:46 Guard Tower
09:54 Arcane Tower
09:57 Scout Tower
10:33 Gryphon Aviary
10:47 Guard Tower
11:41 Farm
14:51 Farm
16:04 Gryphon Aviary
16:50 Workshop
16:57 Workshop
18:35 Farm
18:37 Farm
18:38 Farm
19:20 Farm
19:26 Arcane Vault
» items
| Scroll of Regeneration | 1 | |
| Ivory Tower | 4 | |
| Orb of Fire | 1 | |
6 total
NiDeBaBa (
pink | 78 APM | 2344 actions | 30:05)
2 Mountain King
1 Storm Bolt
1 Bash
2 Archmage
1 Summon Water Elemental
1 Brilliance Aura
» actions
| Assign group hotkey | 54 | |
| Basic commands | 54 | |
| Build / train | 74 | |
| ESC pressed | 2 | |
| Enter build submenu | 43 | |
| Enter hero's abilities submenu | 4 | |
| Remove unit from queue | 2 | |
| Right click | 925 | |
| Select / deselect | 513 | |
| Select group hotkey | 574 | |
| Use ability | 99 | |
2344 total
» units
| Peasant | 9 | |
| Footman | 11 | |
| Spell Breaker | 9 | |
| Mortar Team | 11 | |
| Knight | 2 | |
42 total
» upgrades
| Defend | 1 | |
| Plating | 1 | |
| Masonry | 2 | |
| Lumber Harvesting | 1 | |
| Swords | 2 | |
| Magic Sentry | 2 | |
| Gunpowder | 2 | |
| Armor | 1 | |
| Fragmentation Shards | 1 | |
| Flare | 1 | |
| Priest Training | 1 | |
| Flak Cannons | 1 | |
| Flying Machine Bombs | 1 | |
| Sorceress Training | 1 | |
18 total
» buildings
| Altar of Kings | 1 | |
| Barracks | 2 | |
| Farm | 11 | |
| Scout Tower | 6 | |
| Arcane Tower | 2 | |
| Arcane Vault | 1 | |
| Blacksmith | 1 | |
| Keep | 1 | |
| Lumber Mill | 1 | |
| Arcane Sanctum | 2 | |
| Workshop | 1 | |
| Castle | 1 | |
| Town Hall | 1 | |
| Guard Tower | 2 | |
33 total
» build order
00:03 Altar of Kings
00:05 Barracks
00:08 Farm
00:49 Farm
01:29 Scout Tower
01:58 Farm
02:22 Arcane Tower
02:42 Farm
04:25 Farm
04:36 Arcane Vault
04:49 Barracks
06:28 Farm
06:42 Blacksmith
06:46 Farm
06:52 Keep
07:16 Lumber Mill
07:43 Farm
08:16 Farm
08:28 Farm
09:29 Arcane Sanctum
10:20 Arcane Sanctum
11:55 Workshop
13:45 Farm
16:18 Castle
19:43 Town Hall
25:32 Scout Tower
25:34 Scout Tower
26:10 Scout Tower
26:42 Scout Tower
26:43 Scout Tower
26:50 Guard Tower
28:53 Guard Tower
28:55 Arcane Tower
Zeke-X (
orange | 105 APM | 3142 actions | 29:59)
3 Death Knight
2 Death Coil
1 Death Pact
2 Dreadlord
1 Sleep
1 Vampiric Aura
» actions
| Assign group hotkey | 36 | |
| Basic commands | 1 | |
| Build / train | 73 | |
| Enter build submenu | 22 | |
| Enter hero's abilities submenu | 5 | |
| Remove unit from queue | 3 | |
| Right click | 1058 | |
| Select / deselect | 404 | |
| Select group hotkey | 1473 | |
| Use ability | 67 | |
3142 total
» units
| Acolyte | 22 | |
| Ghoul | 3 | |
| Crypt Fiend | 14 | |
| Obsidian Statue | 5 | |
| Necromancer | 4 | |
48 total
» upgrades
| Creature Carapace | 3 | |
| Creature Attack | 2 | |
| Web | 1 | |
| Banshee Training | 2 | |
| Destroyer Form | 1 | |
9 total
» buildings
| Altar of Darkness | 1 | |
| Ziggurat | 10 | |
| Crypt | 1 | |
| Graveyard | 1 | |
| Tomb of Relics | 1 | |
| Halls of the Dead | 1 | |
| Slaughterhouse | 2 | |
| Temple of the Damned | 1 | |
| Sacrificial Pit | 1 | |
| Black Citadel | 1 | |
| Necropolis | 1 | |
| Spirit Tower | 3 | |
24 total
» build order
00:05 Altar of Darkness
00:08 Ziggurat
00:34 Crypt
00:57 Graveyard
01:21 Tomb of Relics
01:39 Ziggurat
03:02 Ziggurat
03:44 Halls of the Dead
05:21 Ziggurat
07:17 Slaughterhouse
07:24 Temple of the Damned
07:39 Ziggurat
09:05 Sacrificial Pit
11:13 Ziggurat
11:16 Ziggurat
11:42 Black Citadel
12:58 Ziggurat
12:59 Ziggurat
13:52 Necropolis
14:02 Slaughterhouse
16:43 Spirit Tower
16:44 Spirit Tower
18:36 Ziggurat
21:16 Spirit Tower
» items
team 2 (winner)
BEAR_AND (
green | 100 APM | 3026 actions | 30:07)
4 Pandaren Brewmaster
2 Breath of Fire
2 Drunken Haze
3 Goblin Alchemist
2 Chemical Rage
1 Healing Spray
3 Goblin Tinker
2 Cluster Rockets
1 Engineering Upgrade
» actions
| Assign group hotkey | 4 | |
| Build / train | 74 | |
| Enter build submenu | 14 | |
| Enter hero's abilities submenu | 10 | |
| Give item / drop item | 12 | |
| Remove unit from queue | 1 | |
| Right click | 2048 | |
| Select / deselect | 324 | |
| Select group hotkey | 375 | |
| Use ability | 161 | |
3026 total
» units
» upgrades
» buildings
| Altar of Elders | 1 | |
| Moon Well | 6 | |
| Tree of Life | 4 | |
| Tree of Ages | 1 | |
| Tree of Eternity | 1 | |
| Ancient of Wonders | 2 | |
15 total
» build order
01:07 Altar of Elders
01:08 Moon Well
02:08 Moon Well
04:03 Tree of Life
05:45 Tree of Ages
09:34 Tree of Eternity
10:18 Ancient of Wonders
10:24 Ancient of Wonders
13:18 Moon Well
13:19 Moon Well
13:20 Moon Well
18:02 Tree of Life
18:39 Tree of Life
19:03 Moon Well
30:01 Tree of Life
» items
| Healing Salve | 1 | |
| Lesser Clarity Potion | 2 | |
| Boots of Speed | 3 | |
| Staff of Teleportation | 3 | |
| Potion of Lesser Invulnerability | 3 | |
| Orb of Lightning | 2 | |
| Potion of Healing | 2 | |
| Staff of Preservation | 3 | |
| Orb of Venom | 1 | |
| Scroll of Healing | 1 | |
21 total
Gobiner (
yellow | 53 APM | 1584 actions | 30:06)
4 Blademaster
2 Wind Walk
2 Critical Strike
2 Dark Ranger
1 Silence
1 Life Drain
» actions
| Assign group hotkey | 24 | |
| Basic commands | 22 | |
| Build / train | 70 | |
| ESC pressed | 3 | |
| Enter build submenu | 65 | |
| Enter hero's abilities submenu | 6 | |
| Give item / drop item | 5 | |
| Remove unit from queue | 1 | |
| Right click | 681 | |
| Select / deselect | 263 | |
| Select group hotkey | 265 | |
| Use ability | 179 | |
1584 total
» units
» upgrades
| Ranged Weapons | 3 | |
| Armor | 3 | |
| Pillage | 1 | |
| Backpack | 1 | |
| Liquid Fire | 1 | |
| Reinforced Defenses | 1 | |
| Spiked Barricades | 2 | |
| Troll Regeneration | 1 | |
13 total
» buildings
| Altar of Storms | 2 | |
| Orc Burrow | 5 | |
| War Mill | 2 | |
| Watch Tower | 69 | |
| Voodoo Lounge | 2 | |
| Stronghold | 1 | |
| Fortress | 1 | |
| Beastiary | 2 | |
| Barracks | 2 | |
| Great Hall | 1 | |
87 total
» build order
00:08 Altar of Storms
00:18 Orc Burrow
00:37 War Mill
01:50 Watch Tower
02:18 Orc Burrow
02:34 Watch Tower
02:55 Watch Tower
03:42 Voodoo Lounge
04:14 Watch Tower
04:38 Stronghold
04:43 Watch Tower
04:44 Watch Tower
04:44 Watch Tower
04:51 Watch Tower
05:04 Watch Tower
05:29 Orc Burrow
05:30 Orc Burrow
06:42 Watch Tower
06:47 Watch Tower
06:49 Watch Tower
06:53 Watch Tower
07:03 Fortress
07:14 Watch Tower
07:51 Beastiary
07:55 Beastiary
08:01 Watch Tower
09:08 Watch Tower
09:10 Watch Tower
09:25 Watch Tower
10:22 Watch Tower
10:25 Watch Tower
10:33 Watch Tower
10:36 Watch Tower
12:05 Watch Tower
12:06 Watch Tower
12:09 Watch Tower
12:19 Orc Burrow
13:25 Watch Tower
13:26 Watch Tower
13:28 Watch Tower
14:33 Watch Tower
14:34 Watch Tower
17:18 Barracks
17:24 Watch Tower
18:40 Watch Tower
18:42 Watch Tower
18:43 Watch Tower
18:45 Watch Tower
19:51 Barracks
20:02 Watch Tower
20:03 Watch Tower
20:05 Watch Tower
20:06 Watch Tower
20:13 Watch Tower
20:13 Watch Tower
20:14 Watch Tower
20:16 Watch Tower
20:17 Watch Tower
20:18 Watch Tower
20:20 Watch Tower
20:21 Watch Tower
20:49 War Mill
24:14 Voodoo Lounge
25:57 Watch Tower
25:57 Watch Tower
25:58 Watch Tower
25:59 Watch Tower
26:01 Watch Tower
26:02 Watch Tower
26:03 Watch Tower
26:06 Watch Tower
26:07 Watch Tower
26:08 Watch Tower
26:09 Watch Tower
26:10 Watch Tower
26:11 Watch Tower
26:12 Watch Tower
26:12 Watch Tower
26:14 Watch Tower
26:14 Watch Tower
26:15 Watch Tower
27:46 Great Hall
27:48 Watch Tower
27:48 Watch Tower
27:49 Watch Tower
27:50 Watch Tower
29:52 Altar of Storms
» items
| Staff of Teleportation | 2 | |
| Boots of Speed | 2 | |
| Scroll of Speed | 1 | |
| Lesser Clarity Potion | 1 | |
| Healing Salve | 3 | |
| Orb of Lightning | 2 | |
| Potion of Healing | 3 | |
| Potion of Mana | 1 | |
15 total
TIMG4STRok (
teal | 103 APM | 3092 actions | 30:06)
4 Archmage
2 Blizzard
2 Brilliance Aura
3 Pandaren Brewmaster
2 Breath of Fire
1 Drunken Haze
2 Goblin Tinker
1 Cluster Rockets
1 Engineering Upgrade
» actions
| Assign group hotkey | 3 | |
| Basic commands | 62 | |
| Build / train | 94 | |
| ESC pressed | 5 | |
| Enter build submenu | 60 | |
| Enter hero's abilities submenu | 9 | |
| Right click | 1630 | |
| Select / deselect | 240 | |
| Select group hotkey | 734 | |
| Use ability | 255 | |
3092 total
» units
» upgrades
| Masonry | 3 | |
| Lumber Harvesting | 1 | |
| Magic Sentry | 1 | |
| Animal War Training | 1 | |
| Cloud | 1 | |
| Armor | 1 | |
| Swords | 1 | |
9 total
» buildings
| Altar of Kings | 1 | |
| Farm | 8 | |
| Scout Tower | 99 | |
| Arcane Tower | 2 | |
| Lumber Mill | 1 | |
| Guard Tower | 29 | |
| Town Hall | 2 | |
| Keep | 2 | |
| Arcane Sanctum | 1 | |
| Arcane Vault | 2 | |
| Castle | 1 | |
| Blacksmith | 1 | |
| Gryphon Aviary | 2 | |
| Barracks | 1 | |
152 total
» build order
01:06 Altar of Kings
01:12 Farm
01:35 Scout Tower
01:52 Scout Tower
02:03 Arcane Tower
02:05 Scout Tower
02:14 Farm
02:22 Arcane Tower
02:27 Lumber Mill
02:39 Scout Tower
02:45 Scout Tower
02:46 Scout Tower
02:55 Scout Tower
03:32 Guard Tower
03:36 Scout Tower
03:39 Guard Tower
03:41 Scout Tower
04:24 Guard Tower
04:27 Scout Tower
04:28 Scout Tower
04:29 Guard Tower
04:57 Town Hall
05:27 Guard Tower
05:28 Scout Tower
05:29 Scout Tower
06:31 Town Hall
06:34 Scout Tower
06:35 Scout Tower
06:37 Scout Tower
06:39 Scout Tower
06:44 Scout Tower
06:45 Scout Tower
06:46 Scout Tower
06:50 Guard Tower
07:08 Scout Tower
07:12 Keep
07:13 Keep
07:16 Guard Tower
07:33 Scout Tower
07:35 Scout Tower
07:36 Scout Tower
07:56 Guard Tower
08:29 Scout Tower
08:32 Scout Tower
08:33 Scout Tower
09:02 Guard Tower
09:04 Scout Tower
09:05 Scout Tower
09:07 Scout Tower
09:08 Scout Tower
09:09 Scout Tower
09:27 Guard Tower
09:54 Guard Tower
09:57 Scout Tower
09:58 Scout Tower
09:59 Scout Tower
10:00 Scout Tower
10:01 Scout Tower
10:02 Scout Tower
10:04 Scout Tower
10:04 Scout Tower
10:05 Scout Tower
10:13 Scout Tower
10:14 Scout Tower
10:14 Scout Tower
10:15 Scout Tower
10:16 Scout Tower
10:16 Scout Tower
10:17 Scout Tower
10:18 Scout Tower
10:24 Arcane Sanctum
10:48 Guard Tower
11:02 Arcane Vault
11:08 Guard Tower
11:45 Guard Tower
11:47 Arcane Vault
12:13 Guard Tower
12:15 Scout Tower
12:16 Scout Tower
12:16 Scout Tower
12:17 Scout Tower
12:18 Scout Tower
12:19 Scout Tower
12:23 Scout Tower
12:24 Scout Tower
12:24 Scout Tower
12:25 Scout Tower
12:47 Guard Tower
12:53 Scout Tower
12:55 Scout Tower
12:56 Scout Tower
12:56 Scout Tower
13:10 Guard Tower
14:12 Guard Tower
14:15 Scout Tower
14:16 Scout Tower
14:16 Scout Tower
14:17 Scout Tower
14:18 Scout Tower
14:19 Scout Tower
14:22 Guard Tower
14:25 Scout Tower
14:26 Scout Tower
14:27 Scout Tower
14:28 Scout Tower
14:29 Scout Tower
14:32 Scout Tower
15:06 Guard Tower
15:31 Guard Tower
16:33 Castle
16:46 Guard Tower
16:49 Guard Tower
17:33 Scout Tower
17:34 Scout Tower
17:34 Scout Tower
17:36 Guard Tower
18:04 Guard Tower
19:17 Guard Tower
19:20 Farm
19:21 Farm
19:21 Farm
20:34 Blacksmith
20:38 Gryphon Aviary
20:39 Gryphon Aviary
20:45 Barracks
20:46 Farm
20:47 Farm
20:47 Farm
22:37 Scout Tower
22:38 Scout Tower
22:39 Scout Tower
22:41 Scout Tower
24:41 Guard Tower
24:44 Scout Tower
24:46 Scout Tower
24:49 Scout Tower
24:49 Scout Tower
24:51 Scout Tower
24:53 Scout Tower
24:55 Scout Tower
24:57 Scout Tower
24:58 Scout Tower
24:59 Scout Tower
25:00 Scout Tower
26:34 Guard Tower
26:38 Scout Tower
26:39 Scout Tower
26:40 Scout Tower
26:41 Scout Tower
26:42 Scout Tower
26:43 Scout Tower
28:04 Guard Tower
» items
| Boots of Speed | 3 | |
| Staff of Teleportation | 4 | |
| Healing Salve | 1 | |
| Lesser Clarity Potion | 1 | |
| Potion of Healing | 1 | |
| Orb of Lightning | 3 | |
| Staff of Sanctuary | 3 | |
16 total
wartortle[pkmn] (
red | 109 APM | 3283 actions | 30:07)
7 Blademaster
3 Wind Walk
3 Critical Strike
1 Bladestorm
» actions
| Assign group hotkey | 25 | |
| Basic commands | 15 | |
| Build / train | 68 | |
| ESC pressed | 3 | |
| Enter build submenu | 45 | |
| Enter hero's abilities submenu | 7 | |
| Give item / drop item | 7 | |
| Remove unit from queue | 1 | |
| Right click | 1584 | |
| Select / deselect | 297 | |
| Select group hotkey | 1109 | |
| Use ability | 122 | |
3283 total
» units
» upgrades
| Spiked Barricades | 3 | |
| Ranged Weapons | 4 | |
| Liquid Fire | 1 | |
| Reinforced Defenses | 1 | |
| Armor | 3 | |
12 total
» buildings
| War Mill | 4 | |
| Altar of Storms | 1 | |
| Orc Burrow | 5 | |
| Watch Tower | 21 | |
| Voodoo Lounge | 1 | |
| Stronghold | 1 | |
| Beastiary | 3 | |
| Fortress | 1 | |
37 total
» build order
00:08 War Mill
00:48 Altar of Storms
01:26 Orc Burrow
01:49 Watch Tower
02:00 Watch Tower
02:03 Watch Tower
02:33 Watch Tower
02:51 Watch Tower
03:11 Watch Tower
03:36 Watch Tower
03:47 Watch Tower
04:12 Voodoo Lounge
05:02 Watch Tower
05:30 Watch Tower
05:55 Stronghold
07:02 Watch Tower
07:04 Watch Tower
07:06 Watch Tower
08:23 Watch Tower
08:27 Watch Tower
08:29 Watch Tower
08:36 Beastiary
08:39 Orc Burrow
09:10 Fortress
09:13 Beastiary
09:26 Watch Tower
09:32 Watch Tower
09:49 Watch Tower
10:34 War Mill
10:53 War Mill
11:35 War Mill
11:56 Watch Tower
11:57 Watch Tower
12:45 Orc Burrow
13:18 Orc Burrow
14:43 Orc Burrow
17:22 Beastiary
» items
| Healing Salve | 4 | |
| Lesser Clarity Potion | 7 | |
| Boots of Speed | 2 | |
| Circlet of Nobility | 2 | |
| Potion of Lesser Invulnerability | 4 | |
| Orb of Lightning | 1 | |
20 total
Chat log
(02:29 / Allies) TIMG4STRok: lum
(02:37 / Allies) Gobiner: same
(10:49 / Allies) TIMG4STRok: wood
(12:30 / Allies) TIMG4STRok: wood
(14:39 / Allies) TIMG4STRok: lum
(16:12 / Allies) TIMG4STRok: paladin
(18:08 / Allies) TIMG4STRok: somebody expand
(25:26 / Allies) Gobiner: welp
(25:34 / All) TIMG4STRok: damn you guys gonna win..
(25:38 / All) BEAR_AND: im out of GOLD!!!!!
(25:40 / All) TIMG4STRok: NOT!!!!
(25:47 / All) TIMG4STRok: i make a joke
(26:34 / Allies) Gobiner: gold plz
(29:41 / Allies) Gobiner: gold plz